AoeStats
← Citizzen

Arena

509905546Analyzed
4v4 RM · 5d ago on Sep 28, 2026· 48m 28s· 8 players
Game mode
Random Map
Map size
Large (8 player)
Population
200
Speed
Normal
Resources
Standard
Victory
Conquest
Starting age
Dark Age
Ending age
Imperial Age
RankedLock teamsTeams togetherTeam positionsShared explorationLock speedFull tech treeHidden civsTurbo modeCheats
Victory
Defeat
🇹🇼 Varangians · Taiwan
1094
+15
🇪🇸 Romans · Spain
1077
+15
🇮🇹 Inca · Italy
1059
+16
🇷🇴 Vietnamese · Romania
1032
+17
🇭🇰 Varangians · Hong Kong SAR China
1085
-17
🇭🇰 Poles · Hong Kong SAR China
1070
-16
🇹🇼 Cumans · Taiwan
1053
-15
🇹🇼 Khitans · Taiwan
1048
-15
極易電腦
4:41 Loom
10:02 Feudal Age
10:41 Double-Bit Axe
10:39 Horse Collar
18:36 Wheelbarrow
21:21 Castle Age
19:32 Gold Mining
20:07 Stone Mining
22:12 Bow Saw
22:03 Heavy Plow
24:41 Hand Cart
26:35 Gold Shaft Mining
30:04 Imperial Age
28:06 Caravan
28:43 Forging
28:39 Scale Barding Armor
28:49 Steppe Husbandry
30:09 Iron Casting
30:51 Chain Barding Armor
30:48 Masonry
30:50 Bloodlines
31:11 Conscription
30:38 Elite Steppe Lancer
30:53 Pikeman
31:33 Squires
31:20 Arson
32:13 Plate Barding Armor
32:49 Blast Furnace
32:29 Scale Mail Armor
32:20 Fletching
32:57 Murder Holes
34:17 Light Cavalry
36:33 Chemistry
35:53 Ballistics
36:32 Crop Rotation
37:05 Two-Man Saw
37:00 Chain Mail Armor
36:48 Padded Archer Armor
36:44 Bodkin Arrow
36:24 Onager
37:10 Cuman Mercenaries
37:46 Hoardings
36:34 Hussar
38:48 Halberdier
40:01 Plate Mail Armor
39:48 Leather Archer Armor
39:34 Siege Onager
45:22 Ring Archer Armor
hin
10:12 Feudal Age
14:05 Castle Age
12:16 Double-Bit Axe
13:03 Horse Collar
13:13 Loom
15:47 Fletching
16:43 Gold Mining
19:22 Bodkin Arrow
20:43 Crossbowman
22:26 Stone Mining
23:04 Bow Saw
24:36 Heavy Plow
28:35 Imperial Age
26:52 Fortified Wall
26:54 Masonry
27:28 Scale Mail Armor
27:47 Forging
30:08 Padded Archer Armor
35:17 Imperial Age
35:49 Wheelbarrow
35:42 Bloodlines
34:56 Light Cavalry
35:37 Husbandry
35:48 Scale Barding Armor
36:00 Leather Archer Armor
36:19 Bracer
36:28 Cavalier
37:49 Chain Barding Armor
Ncall
9:55 Feudal Age
15:32 Castle Age
13:45 Horse Collar
13:57 Double-Bit Axe
16:55 Heavy Plow
17:37 Bow Saw
20:52 Gold Mining
22:50 Wheelbarrow
24:08 Stone Mining
25:39 Loom
29:21 Imperial Age
27:29 Treadmill Crane
28:09 Scale Barding Armor
28:14 Forging
28:51 Bloodlines
28:42 Husbandry
29:01 Town Watch
29:31 Hand Cart
30:34 Chain Barding Armor
30:49 Iron Casting
29:39 Cavalier
31:39 Conscription
32:00 Plate Barding Armor
31:44 Elite Jarl
33:51 Blast Furnace
34:35 Fletching
35:07 Herbal Medicine
39:41 Fortified Wall
39:32 Vendel Legacy
Copam
12:13 Feudal Age
11:49 Loom
17:04 Castle Age
15:47 Double-Bit Axe
16:13 Domestication
18:21 Gold Mining
18:22 Stone Mining
21:37 Pastoralism
21:59 Bow Saw
25:56 Wheelbarrow
25:07 Town Watch
27:22 Hand Cart
26:47 Elite Skirmisher
31:33 Imperial Age
29:16 Thumb Ring
29:33 Man-at-Arms
30:16 Squires
30:26 Town Patrol
31:54 Stone Shaft Mining
31:02 Long Swordsman
31:31 Gambesons
33:27 Scale Mail Armor
33:18 Fletching
33:39 Forging
34:30 Two-Handed Swordsman
35:51 Conscription
35:38 Lamellar Armor
35:10 Pikeman
36:18 Elite Liao Dao
39:19 Arson
38:55 Champion
40:19 Chain Mail Armor
40:40 Iron Casting
41:36 Heavy Camel Rider
44:02 Scale Barding Armor
44:27 Plate Mail Armor
44:27 Husbandry
Dark Sniper 0
3:41 Loom
9:18 Loom
11:04 Feudal Age
15:01 Castle Age
13:20 Double-Bit Axe
16:39 Bow Saw
23:56 Forging
23:46 Scale Mail Armor
24:57 Wheelbarrow
27:18 Iron Casting
26:59 Chain Mail Armor
32:27 Imperial Age
32:38 Hand Cart
32:29 Capped Ram
32:44 Sappers
33:17 Fabric Shields
33:40 Conscription
33:27 Elite Kamayuk
34:15 Gold Mining
35:33 Blast Furnace
35:20 Plate Mail Armor
36:36 Gold Shaft Mining
36:48 Siege Ram
Citizzen
8:52 Loom
11:33 Feudal Age
16:12 Castle Age
14:48 Double-Bit Axe
14:45 Horse Collar
17:57 Wheelbarrow
17:50 Heavy Plow
21:31 Bow Saw
23:15 Gold Mining
23:22 Stone Mining
25:16 Hand Cart
29:47 Imperial Age
27:03 Town Watch
27:29 Husbandry
27:38 Scale Barding Armor
27:44 Forging
27:46 Thumb Ring
27:03 Elite Skirmisher
28:03 Bloodlines
29:05 Chain Barding Armor
29:52 Iron Casting
29:47 Ballistics
30:20 Fletching
30:31 Padded Archer Armor
31:54 Plate Barding Armor
31:35 Guilds
32:01 Crop Rotation
32:34 Two-Man Saw
32:18 Stone Shaft Mining
31:39 Elite Battle Elephant
33:09 Bodkin Arrow
33:29 Leather Archer Armor
33:25 Chatras
34:22 Paper Money
36:02 Treadmill Crane
38:26 Chemistry
37:28 Imperial Skirmisher
40:27 Murder Holes
40:44 Masonry
41:28 Bracer
42:01 Ring Archer Armor
41:54 Bombard Tower
Gamer
8:24 Loom
10:27 Feudal Age
14:15 Castle Age
13:40 Double-Bit Axe
13:37 Horse Collar
15:26 Bow Saw
18:07 Heavy Plow
22:08 Wheelbarrow
27:51 Imperial Age
26:44 Hand Cart
27:08 Scale Mail Armor
27:19 Forging
27:26 Town Watch
27:33 Gold Mining
28:16 Town Patrol
28:47 Chain Mail Armor
28:19 Gambesons
28:34 Squires
28:22 Arson
29:44 Conscription
30:45 Stone Mining
30:18 Elite Varangian Guard
31:17 Gothikon
33:07 Iron Casting
33:07 Plate Mail Armor
32:48 Capped Ram
33:43 Siege Ram
35:35 Blast Furnace
34:26 Fletching
34:42 Scale Barding Armor
38:29 Treadmill Crane
39:11 Ballistics
41:58 Fortified Wall
41:54 Siege Engineers
43:14 Pikeman
43:52 Bodkin Arrow
43:57 Padded Archer Armor
44:09 Masonry
44:33 Halberdier
48:16 Crop Rotation
48:47 Two-Man Saw
vargasibanezantonio
13:11 Feudal Age
17:04 Castle Age
15:01 Double-Bit Axe
15:17 Horse Collar
15:38 Stone Mining
18:37 Bow Saw
21:39 Wheelbarrow
20:56 Gold Mining
23:10 Gold Shaft Mining
27:22 Imperial Age
26:31 Ballistas
27:04 Ballistics
26:59 Town Watch
28:01 Heavy Plow
28:29 Fortified Wall
30:49 Chemistry
31:21 Hand Cart
31:08 Town Patrol
36:18 Heavy Scorpion
45:21 Siege Engineers
Connection lost

Rejoining the realm…

Still unreachable

The connection could not be restored.

Session expired

The server has moved on; the page needs a fresh start.